 Dungeon Crawl Stone Soup version 0.24.0 (webtiles) character file.

Game seed: 14069327491813940660, levelgen mode: deterministic

43 Buxparty the Poker (level 3, -3/28 HPs)
             Began as a Mummy Gladiator on Jan 27, 2020.
             Slain by a killer bee zombie (5 damage)
             ... on level 2 of the Dungeon.
             The game lasted 00:02:56 (1252 turns).

Buxparty the Poker (Mummy Gladiator)                Turns: 1252, Time: 00:02:57

Health: -3/28      AC:  7    Str: 18    XL:     3   Next: 37%
Magic:  3/3        EV: 11    Int:  7    God:
Gold:   83         SH:  3    Dex: 13    Spells: 2/2 levels left

rFire    x . .     SeeInvis +   a - +0 trident
rCold    + . .     Gourm    .   g - +0 buckler
rNeg     + + +     Faith    .   k - +0 ring mail
rPois    ∞         Spirit   .   c - +0 helmet
rElec    .         Reflect  .   f - +0 cloak
rCorr    .         Harm     .   (no gloves)
MR       .....                  (no boots)
Stlth    +.........             (no amulet)
HPRegen  0.09/turn              e - ring of see invisible
MPRegen  0.08/turn              (no ring)

@: no status effects
A: no food or potions, fire vulnerability, cold resistance 1, negative energy
resistance 3, torment resistance, unbreathing
a: no special abilities


You were on level 2 of the Dungeon.
You were not hungry.

You visited 1 branch of the dungeon, and saw 2 of its levels.

You collected 83 gold pieces.

Inventory:

Hand Weapons
 a - a +0 trident (weapon)
Missiles
 d - 3 throwing nets (quivered)
 h - 11 poisoned darts
Armour
 c - a +0 helmet (worn)
 f - a +0 cloak (worn)
 g - a +0 buckler (worn)
 k - a +0 ring mail (worn)
Jewellery
 e - a ring of see invisible (left hand)
Scrolls
 b - a scroll of fog {unknown}
 i - a scroll of identify {unknown}
 j - a scroll of fear {unknown}
 l - a scroll of teleportation {unknown}


   Skills:
 + Level 2.9 Fighting
 + Level 3.0 Polearms
 - Level 1.5 Throwing
 - Level 2.4 Dodging
 + Level 0.6 Shields


You had 2 spell levels left.
You didn't know any spells.
Your spell library was empty.

Dungeon Overview and Level Annotations

Branches:
Dungeon (2/15)

Altars:
Fedhas
Zin


Innate Abilities, Weirdness & Mutations

You do not eat or drink.
Your flesh is vulnerable to fire.
You are immune to poison.
Your flesh is cold resistant. (rC+)
You are immune to negative energy. (rN+++)
You are immune to unholy pain and torment.
You can survive without breathing.


Message History

The killer bee zombie hits you but does no damage.
You closely miss the killer bee zombie.
The killer bee zombie is severely damaged.
The killer bee zombie hits you.
* * * LOW HITPOINT WARNING * * *
The killer bee zombie closely misses you.
The killer bee zombie hits you but does no damage.
You see here a quarterstaff.
The killer bee zombie hits you.
* * * LOW HITPOINT WARNING * * *
You closely miss the killer bee zombie.
The killer bee zombie is severely damaged.
The killer bee zombie misses you.
The killer bee zombie hits you but does no damage.
You completely miss the killer bee zombie.
The killer bee zombie is severely damaged.
The killer bee zombie closely misses you.
The killer bee zombie completely misses you.
The killer bee zombie hits you.
You die...

.########PPP.P# . #.#..##.#
.†........PPP.# .####.....#.#
.########..#..###............#
.# #.....# ..# #.#####.### ..#
#.....# #.# #...#.....#
..####.....# #.# #.#.#.#.#.#
..#........# #.# #.#.....#.#
.#####.###†# #Z# #.........#
.#####.# #.# #@# #.#.#.###.#
.......# #.#####.# #.#.#.# .#
...#######.#.....###.#...# #
...# #......#.......#.# #..#
####.##.....###.###.# ...#
#.)...>...### #.# #.#
#.######[###...# #.# #.#
#..............# #.# #.#
##############.# #.# #.#


You could see a killer bee zombie.

Vanquished Creatures
  2 worms (D:2)
  2 leopard geckos
  A giant cockroach (D:1)
  5 hobgoblins (D:1)
  7 jackals
  3 kobolds
  3 bats
  4 frilled lizards
  4 goblins
  2 rats
33 creatures vanquished.

Notes
Turn   | Place    | Note
-------+----------+-------------------------------------------
     0 | D:1      | Buxparty the Mummy Gladiator began the quest for the Orb.
     0 | D:1      | Reached XP level 1. HP: 16/16 MP: 1/1
   327 | D:1      | Reached XP level 2. HP: 16/23 MP: 2/2
   866 | D:2      | Found a glowing silver altar of Zin.
   887 | D:2      | Reached XP level 3. HP: 12/28 MP: 3/3
  1088 | D:2      | Found a blossoming altar of Fedhas.
  1118 | D:2      | Reached skill level 3 in Polearms
  1252 | D:2      | Slain by a killer bee zombie

Levels and vault maps discovered:
D:1:      dpeg_arrival_simpleton_a, layout_basic, serial_park_tiny_2,
          st_stairs_1
D:2:      layout_basic, zin_academy, nicolae_overflow_hidden_temple,
          fedhas_altar_3, lemuel_doored_altar, first_ration
